 Dungeon Sprint DCSS version 0.30-a0-852-g08b95dd62f (webtiles) character file.

Game seed: 4431771508901762324

638 dialectric the Protected (level 7, -7/45 HPs)
             Began as a Gargoyle Fighter on Mar 4, 2023.
             Mangled by a neqoxec (9 damage)
             ... in the Dungeon (Sprint II: "The Violet Keep of Menkaure").
             The game lasted 00:00:41 (78 turns).

dialectric the Protected (Gargoyle Fighter)           Turns: 78, Time: 00:00:42

Health: -7/45      AC: 13    Str: 19    XL:     7   Next: 50%
Magic:  7/7        EV: 10    Int:  9    God:
Gold:   0          SH:  0    Dex: 11    Spells: 6/6 levels left

rFire   . . .      SeeInvis .    a - +0 long sword
rCold   . . .      Faith    .    (no shield)
rNeg    + . .      Spirit   .    b - +0 scale mail
rPois   ∞          Reflect  .    (no helmet)
rElec   +          Rampage  .    (no cloak)
rCorr   .          NoTele   +    (no gloves)
Will    .....      Rage     3%   (no boots) Stlth
                                 (no amulet)
HPRegen 0.27/turn                (no ring)
MPRegen 0.10/turn                (no ring)

@: on berserk cooldown, slowed, very slow
A: sickness immunity, AC +4, negative energy resistance 1, electricity
resistance, torment resistance 1, petrification resistance, berserk 1,
deterioration 1, frail 1
a: no special abilities


You were in the Dungeon.
You visited 1 branch

Inventory:

Hand Weapons
 a - a +0 long sword (weapon)
Armour
 b - a +0 scale mail (worn)
 c - a +0 buckler
Scrolls
 j - a scroll of blinking
Potions
 g - a potion of haste
 h - 2 potions of magic


   Skills:
 + Level 9.2 Fighting
 * Level 9.1 Long Blades
 + Level 9.4 Armour
 - Level 2.0 Dodging
 - Level 6.2 Shields


You had 6 spell levels left.
You didn't know any spells.
Your spell library was empty.

Dungeon Overview and Level Annotations

Branches:
Dungeon (1/1)

Altars:


Innate Abilities, Weirdness & Mutations

You are immune to sickness and miasma.
Your stone body is resilient. (AC +4)
You are immune to poison.
You resist negative energy. (rN+)
You are resistant to electric shocks. (rElec)
You are resistant to unholy torment.
You are immune to petrification.
You sometimes lose your temper in combat.
Your body sometimes deteriorates upon taking damage.
You are frail. (-10% HP)


Message History

The neqoxec is heavily wounded.
The neqoxec hits you!
* * * LOW HITPOINT WARNING * * *
The neqoxec hits you!
* * * LOW HITPOINT WARNING * * *
You slash the neqoxec!
The neqoxec is severely wounded.
The neqoxec gestures at you.
Strange energies course through your body.
You feel yourself wasting away. The neqoxec barely misses you.
The neqoxec completely misses you. The neqoxec hits you.
* * * LOW HITPOINT WARNING * * *
Okay, then.
You slash the neqoxec!
The neqoxec is almost dead.
The neqoxec gestures at you.
Strange energies course through your body.
You feel a little pissed off. The neqoxec hits you.
* * * LOW HITPOINT WARNING * * *
You slash the neqoxec!
You kill the neqoxec!
The neqoxec barely misses you. The neqoxec gestures at you.
Strange energies course through your body.
You feel your intelligence returning.
Your Fighting skill increases to level 9!
Your Long Blades skill increases to level 9!
The neqoxec hits you.
* * * LOW HITPOINT WARNING * * *
You see here 243 gold pieces.
You hit the neqoxec.
The neqoxec is lightly wounded.
The neqoxec closely misses you.
The neqoxec hits you but does no damage.
You miss the neqoxec.
The neqoxec is lightly wounded.
The neqoxec hits you!
You die...

### ##
#..##.# #
#3@.# ## ##.
##'###.#
#...##.##.#
#†.<.†#
#...##.##...#
##. #+# #.##
#


B#B ## .. .. ##. .## You could see a neqoxec.

Vanquished Creatures
  3 neqoxecs (D)
  4 necrophages (D)
  3 worms (D)
10 creatures vanquished.

Notes
Turn   | Place    | Note
-------+----------+-------------------------------------------
     0 | D        | dialectric the Gargoyle Fighter began the quest for the
                  | Orb.
     0 | D        | Reached XP level 1. HP: 14/14 MP: 1/1
     8 | D        | Noticed a necrophage
     8 | D        | Noticed a necrophage
     8 | D        | Noticed a necrophage
     8 | D        | Noticed a necrophage
    22 | D        | Killed a necrophage
    23 | D        | Reached skill level 5 in Fighting
    23 | D        | Reached skill level 5 in Armour
    23 | D        | Reached skill level 5 in Shields
    23 | D        | Reached XP level 2. HP: 7/21 MP: 2/2
    23 | D        | Reached XP level 3. HP: 8/26 MP: 3/3
    23 | D        | Reached XP level 4. HP: 10/31 MP: 4/4
    25 | D        | Killed a necrophage
    26 | D        | Reached XP level 5. HP: 34/36 MP: 5/5
    31 | D        | Reached skill level 5 in Long Blades
    31 | D        | Reached XP level 6. HP: 40/44 MP: 6/6
    47 | D        | Noticed a boulder beetle
    47 | D        | Noticed a boulder beetle
    51 | D        | Noticed a neqoxec
    51 | D        | Noticed a neqoxec
    51 | D        | Noticed a neqoxec
    51 | D        | Noticed a neqoxec
    55 | D        | Gained mutation: Your magical capacity is low. (-10% MP) [a
                  | neqoxec]
    57 | D        | Lost mutation: Your magical capacity is low. (-10% MP) [a
                  | neqoxec]
    59 | D        | Killed a neqoxec
    67 | D        | Killed a neqoxec
    68 | D        | Reached XP level 7. HP: 50/50 MP: 5/7
    68 | D        | Gained mutation: You are frail. (-10% HP) [a neqoxec]
    73 | D        | Gained mutation: Your body sometimes deteriorates upon
                  | taking damage. [a neqoxec]
    74 | D        | Gained mutation: You sometimes lose your temper in combat.
                  | [a neqoxec]
    75 | D        | Killed a neqoxec
    76 | D        | HP: 1/45 [neqoxec (2)]
    78 | D        | Mangled by a neqoxec

Illustrated notes

Levels and vault maps discovered:
D:        the_violet_keep_of_menkaure [sprint2_stairs_cluster_1,
          sprint2_shoproom, sprint2_temple, sprint2_basic_supplies,
          sprint2_obstacle_3, sprint2_obstacle_2, sprint2_obstacle_1,
          sprint2_obstacle_4, sprint2_obstacle_6, sprint2_timed_cluster_1,
          sprint2_smallroom_cluster_1, sprint2_smallroom_final_cluster_1,
          sprint2_transparent_cluster_1, sprint2_second_timed_cluster_1,
          sprint2_sniper_area_1, sprint2_heavy_combat_area_1,
          sprint2_mutation_trap_area_1, sprint2_forest_area_1,
          sprint2_light_combat_area_1, sprint2_behind_water_1,
          sprint2_near_end_vault_1]

Skill      XL: |  1  2  3  4  5  6  7 |
---------------+----------------------+-----
Fighting       | 5 6 7 8 9 |  9.2
Long Blades    | 2 3 5 8 9 |  9.1
Armour         | 5 6 7 9 |  9.4
Shields        | 5 6 |  6.2
Dodging        | 2 |  2.0

Action                     |  1- 3 |  4- 6 |  7- 9 || total
---------------------------+-------+-------+-------++-------
  Melee: Long sword        |    12 |    30 |     9 ||    51
         Punch             |       |     1 |       ||     1
    Use: Potion            |     2 |     2 |       ||     4
 Armour: Scale mail        |     5 |     5 |     3 ||    13
  Dodge: Dodged            |     6 |     4 |     9 ||    19

Table legend: (Time is in decaauts)
 A = Elapsed time spent in this place.
 B = Non-inter-level travel time spent in this place.
 C = Inter-level travel time spent in this place.
 D = Time resting spent in this place.
 E = Time spent auto-exploring this place.
 F = Levels seen in this place.
 G = Mean time per level.
                   A        B        C        D        E       F      G
               +--------+--------+--------+--------+--------+-----+--------+
         Total |     84 |     84 |      0 |      0 |      0 |   1 |   84.0 |
       Dungeon |     84 |     84 |      0 |      0 |      0 |   1 |   84.0 |
               +--------+--------+--------+--------+--------+-----+--------+

Top non-repeatable levels by time:
       D: 84 daAuts
